 Dungeon Crawl Stone Soup version 0.19.5 (webtiles) character file.

373 miragecloak the Poker (level 6, 0/50 HPs)
             Began as a Merfolk Abyssal Knight on May 8, 2017.
             Was a Believer of Lugonu.
             Slain by Grinder (2 damage)
             ... while paralysed by Grinder
             ... on level 3 of the Dungeon.
             The game lasted 00:03:01 (2669 turns).

miragecloak the Poker (Merfolk Abyssal Knight)      Turns: 2669, Time: 00:03:02

Health: 0/50       AC:  4    Str: 12    XL:     6   Next: 72%
Magic:  7/7        EV:  2    Int: 11    God:    Lugonu [**....]
Gold:   129        SH:  0    Dex: 16    Spells: 0 memorised, 5 levels left

rFire  . . .     SeeInvis .     n - +4 scythe
rCold  . . .     Gourm    .     b - +0 leather armour
rNeg   . . .     Faith    .     (shield currently unavailable)
rPois  .         Spirit   .     g - +0 helmet
rElec  .         Reflect  .     (no cloak)
rCorr  .         Harm     .     (no gloves)
MR     .....                    (no boots)
Stlth  +.........               (no amulet)
                                (no ring)
                                (no ring)

@: paralysed
A: change form in water, swift swim, stealthy swim
a: Depart the Abyss, Bend Space, Renounce Religion


You were on level 3 of the Dungeon.
You worshipped Lugonu.
Lugonu was pleased with you.
You were not hungry.

You visited 1 branch of the dungeon, and saw 3 of its levels.
You visited the Abyss 1 time.

You collected 129 gold pieces.

Inventory:

Hand Weapons
 a - a +1 spear
 i - a +2 short sword of speed
 n - a +4 scythe (weapon)
Armour
 b - a +0 leather armour (worn)
 g - a +0 helmet (worn)
Scrolls
 e - 2 scrolls of enchant weapon {unknown}
 h - 3 scrolls of identify {unknown}
 k - a scroll of enchant armour {unknown}
 l - a scroll of fear {unknown}
Potions
 d - 2 potions of curing {unknown}
 m - a potion of agility {unknown}
 o - 2 potions of haste {unknown}
 q - a potion of might {unknown}
Comestibles
 c - 3 bread rations
 f - 2 meat rations
 j - a beef jerky
 p - 2 chunks of flesh


   Skills:
 + Level 4.9 Fighting
 + Level 7.4 Polearms
 - Level 0.6 Armour
 + Level 4.9 Dodging
 - Level 2.0 Invocations


You had 5 spell levels left.
You didn't know any spells.

Dungeon Overview and Level Annotations

Branches:
Dungeon (3/15)

Altars:
Cheibriados
Dithmenos
Ru
Sif Muna
Yredelemnul

Annotations:
D:3 Grinder


Message History

You can move again.
You slash Grinder!
Grinder is heavily wounded.
Grinder gestures at you.
You barely resist. Grinder closely misses you.
You slash Grinder!
Grinder is severely wounded.
Grinder gestures at you.
You suddenly lose the ability to move!
Grinder gestures at you. Pain shoots through your body! Grinder hits you!
You writhe in agony.
* * * LOW HITPOINT WARNING * * *
Grinder gestures at you. Pain shoots through your body!
* * * LOW HITPOINT WARNING * * *
Grinder hits you!
* * * LOW HITPOINT WARNING * * *
You writhe in agony.
You die...

#..........................
#..........................
#..........................
############...............
#...................
#.....######........
#####..††.#### #........
........<....# #........
.......@.....# #........
.......5......##........
..............##........
..............##........
..............##........
.............###...(....
..(..........# #........
..........)..# #........
#........


You could see Grinder.

Vanquished Creatures
  Sigmund (D:2)
  Jessica (D:2)
  Terence (D:2)
  5 adders
  3 oozes
  4 worms
  5 dart slugs
  6 leopard geckos
  An orc (D:3)
  6 bats
  4 giant cockroaches
  3 goblins
  13 hobgoblins
  3 jackals (D:1)
  3 quokkas
  4 ball pythons (D:2)
  3 frilled lizards
  5 kobolds
  4 rats
75 creatures vanquished.

Notes
Turn   | Place    | Note
-------+----------+-------------------------------------------
     0 | Abyss:1  | miragecloak the Merfolk Abyssal Knight began the quest for the Orb.
     0 | Abyss:1  | Reached XP level 1. HP: 18/18 MP: 2/2
    35 | Abyss:1  | Noticed a small abomination
    36 | D:1      | Escaped the Abyss
   114 | D:1      | Reached * piety under Lugonu
   114 | D:1      | Reached skill level 4 in Polearms
   114 | D:1      | Reached XP level 2. HP: 19/24 MP: 3/3
   491 | D:1      | Reached skill level 5 in Polearms
   491 | D:1      | Reached XP level 3. HP: 28/29 MP: 4/4
   790 | D:2      | Noticed Jessica
   804 | D:2      | Killed Jessica
   804 | D:2      | Reached skill level 6 in Polearms
   804 | D:2      | Reached XP level 4. HP: 27/35 MP: 5/5
   936 | D:2      | Reached ** piety under Lugonu
   958 | D:2      | Found a deep blue altar of Sif Muna.
  1133 | D:2      | Noticed Terence
  1150 | D:2      | Killed Terence
  1150 | D:2      | Reached skill level 7 in Polearms
  1361 | D:2      | Reached XP level 5. HP: 39/41 MP: 6/6
  1433 | D:2      | Found a snail-covered altar of Cheibriados.
  1728 | D:2      | Found a sacrificial altar of Ru.
  1794 | D:2      | Noticed Sigmund
  1817 | D:2      | Killed Sigmund
  1817 | D:2      | Reached XP level 6. HP: 29/49 MP: 7/7
  2362 | D:3      | Found a shadowy altar of Dithmenos.
  2428 | D:3      | Found a basalt altar of Yredelemnul.
  2654 | D:3      | Noticed Grinder
  2661 | D:3      | Paralysed by Grinder for 3 turns
  2665 | D:3      | Paralysed by Grinder for 5 turns
  2669 | D:3      | HP: 2/50 [Grinder (9)]
  2669 | D:3      | Slain by Grinder

Skill      XL: |  1  2  3  4  5 |
---------------+----------------+-----
Polearms       | 4 5 6 7 |  7.4
Fighting       | 4 |  4.9
Dodging        | 4 |  4.9
Armour         | |  0.6
Invocations    | |  2.0

Action                   |  1- 3 |  4- 6 || total
-------------------------+-------+-------++-------
Melee: Spear             |   102 |    65 ||   167
       Short sword       |       |    62 ||    62
       Scythe            |       |    45 ||    45
Invok: Depart the Abyss  |     1 |       ||     1
 Stab: Sleeping          |     1 |     1 ||     2
  Eat: Chunk             |       |     6 ||     6
Armor: Leather armour    |    14 |    22 ||    36
Dodge: Dodged            |    49 |    81 ||   130
